 Dungeon Crawl Stone Soup version 0.31-a0-965-g8a8ce12e04 (webtiles) character file.

Game seed: 15856753892506950899

39 Maxmaps the Changeling (level 3, -3/23 HPs)
             Began as an Octopode Shapeshifter on Oct 27, 2023.
             Slain by a gnoll
             ... wielding a +0 spear
              (6 damage)
             ... on level 3 of the Dungeon.
             The game lasted 00:00:49 (799 turns).

Maxmaps the Changeling (Octopode Shapeshifter)       Turns: 799, Time: 00:00:49

Health: -3/23      AC:  1    Str: 13    XL:     3   Next: 45%
Magic:  3/3        EV: 13    Int: 14    God:
Gold:   54         SH:  0    Dex: 11    Spells: 2/2 levels left

rFire   . .          .
                       - Unarmed
rCold   . . .        (no shield)
rNeg    . . .        (helmet currently unavailable)
rPois   +            (no amulet)
rElec   .            d - ring of poison resistance
rCorr   .            (no ring)
SInv    .            (no ring)
Will    .....        (no ring)
Stlth   ++           (no ring)
HPRegen 0.23/turn    (no ring)
MPRegen 0.08/turn    (no ring)
                     (no ring)

%: no passive effects
@: beast-form
A: beast (slay +2), almost no armour, amphibious, 8 rings, camouflage 1,
gelatinous body 1, (nimble swimmer 1), tentacles
a: Begin Untransformation


You were on level 3 of the Dungeon.
You were a hulking beast.
You visited 1 branch of the dungeon, and saw 3 of its levels.

You collected 54 gold pieces.

Inventory:

Jewellery
 d - a ring of poison resistance (left tentacle)
Talismans
 b - a beast talisman
 c - a flux talisman
 j - a serpent talisman
Scrolls
 e - a scroll of butterflies {unknown}
 f - 2 scrolls of identify {unknown}
 g - a scroll of blinking {unknown}
 h - 2 scrolls of enchant weapon {unknown}
 k - a scroll of fear {unknown}
Potions
 a - a potion of lignification
 i - a potion of brilliance {unknown}


   Skills:
 - Level 1.0 Fighting
 - Level 2.0 Dodging
 - Level 3.0 Unarmed Combat
 + Level 4.2 Shapeshifting


You had 2 spell levels left.
You didn't know any spells.
Your spell library contained the following spells:

 Spells                   Type           Power      Damage    Failure   Level
 Freeze                   Ice            0%         1d3       28%         1
 Frozen Ramparts          Ice            0%         1d1       65%         3
 Hailstorm                Conj/Ice       0%         3d3       65%         3


Dungeon Overview and Level Annotations

Branches:
Dungeon (2/15)

Altars:

Shops:
D:1 (


Innate Abilities, Weirdness & Mutations

You are a hulking beast.
Your limbs bulge with bestial killing power. (Slay +2)
You cannot wear most types of armour.
You are amphibious.
You can wear up to eight rings at the same time.
Your skin changes colour to match your surroundings (Stealth+).
Your rubbery body absorbs attacks. (AC +1, EV +1)
((You are camouflaged when in or above water. (Stealth+)))
You have tentacles for arms and can constrict up to eight enemies at once.


Message History

There is an entrance to Cagux's Weapon Shop here.
There is an open door here.
You see here a +0 dagger of speed.
What level of the Dungeon? (default 1, ? - help)
There is an open door here.
There is an entrance to Cagux's Weapon Shop here.
There is a stone staircase leading down here.
You climb downwards.
There is a stone staircase leading up here.
A malevolent force fills the Dungeon...
You fall into a shaft and drop 1 floor!
The shaft crumbles and collapses.
An orc and a gnoll come into view.
The gnoll shouts!
You hear a shout! x2
There are monsters nearby!
A gnoll comes into view. It is wielding a +0 spear.
Found a murky grey potion and 13 gold pieces.
The gnoll shouts!
A gnoll comes into view. It is wielding a +0 spear.
The orc hits you with a +0 flail.
You closely miss the orc. Your grab misses the orc. The orc misses you.
You closely miss the orc. You grab the orc. You constrict the orc.
You barely miss the orc. You squeeze the orc.
You kill the orc!
You bludgeon the gnoll! Your grab misses the gnoll. You squeeze the gnoll!
You kill the gnoll!
The gnoll hits you from afar with a +0 spear.
You see here a +0 club.
Found 6 stones.
The gnoll hits you with a +0 spear! The gnoll barely misses you.
You are too injured to fight recklessly!
You are too injured to fight recklessly!
The gnoll hits you from afar with a +0 spear.
* * * LOW HITPOINT WARNING * * *
The gnoll hits you from afar with a +0 spear.
* * * LOW HITPOINT WARNING * * *
You see here a +0 club.
Okay, then.
The gnoll completely misses you. The gnoll hits you with a +0 spear.
You die...

...... ...#
...... ...#
......##...
..........# ..
..........# ...
..........###...
.......gg.......
.......h........
.....#))........
.(. #..........
. #.#.#.####
#.#.#.# #.#.# #
#!#.# #.#.#
.$#.#


You could see 2 gnolls.

Vanquished Creatures
  A gnoll (D:3)
  A dart slug (D:1)
  An orc (D:3)
  3 ball pythons (D:1)
  4 endoplasms (D:1)
  2 giant cockroaches (D:1)
  3 goblins (D:1)
  A hobgoblin (D:1)
  A quokka (D:1)
  2 bats (D:1)
  A frilled lizard (D:1)
  A kobold (D:1)
  3 rats (D:1)
24 creatures vanquished.

Notes
Turn   | Place    | Note
-------+----------+-------------------------------------------
     0 | D:1      | Maxmaps the Octopode Shapeshifter began the quest for the
                  | Orb.
     0 | D:1      | Reached XP level 1. HP: 13/13 MP: 1/1
   164 | D:1      | Reached XP level 2. HP: 18/18 MP: 2/2
   365 | D:1      | Found Cagux's Weapon Shop.
   399 | D:1      | Found a faded altar of an unknown god.
   467 | D:1      | Reached XP level 3. HP: 22/23 MP: 3/3
   498 | D:1      | Reached skill level 4 in Shapeshifting
   768 | D:2      | You fall into a shaft and drop 1 floor!
   768 | D:3      | Identified the "Gigadgh"
   799 | D:3      | Slain by a gnoll

Illustrated notes

Levels and vault maps discovered:
D:1:      mrwooster_arrival_arrow, layout_rooms, serial_forest,
          infiniplex_forest_lined_2, infiniplex_forest_end_double,
          infiniplex_forest_lined_ring, infiniplex_forest_zigzag_2,
          infiniplex_forest_join, infiniplex_forest_straight_4,
          infiniplex_forest_zigzag_2, serial_shops, nicolae_shop_hallway_stairs,
          dreamdust_ecumenical_altar_statues
D:2:      minmay_razor_zed, layout_basic, grunt_decor_arrowhead
D:3:      layout_basic, mainiacjoe_overflow_catwalk_spiral

Skill      XL: |  1  2  3 |
---------------+----------+-----
Shapeshifting  | 4 |  4.2
Fighting       | |  1.0
Dodging        | |  2.0
Unarmed Combat | |  3.0

Action                     || total
---------------------------++-------
  Melee: Unarmed           ||    43
         Constrict         ||     8
         Tentacles         ||     6
   Stab: Sleeping          ||     3
 Armour: Skin              ||    21
  Dodge: Dodged            ||    17

Table legend: (Time is in decaauts)
 A = Elapsed time spent in this place.
 B = Non-inter-level travel time spent in this place.
 C = Inter-level travel time spent in this place.
 D = Time resting spent in this place.
 E = Time spent auto-exploring this place.
 F = Levels seen in this place.
 G = Mean time per level.
                   A        B        C        D        E       F      G
               +--------+--------+--------+--------+--------+-----+--------+
         Total |    795 |    753 |     42 |      0 |    611 |   3 |  265.0 |
       Dungeon |    795 |    753 |     42 |      0 |    611 |   3 |  265.0 |
               +--------+--------+--------+--------+--------+-----+--------+

Top non-repeatable levels by time:
     D:1: 760 daAuts
     D:3: 30 daAuts
     D:2: 4 daAuts
